 Dungeon Crawl Stone Soup version 0.30-a0-509-gd016549fea (webtiles) character file.

Game seed: 8245048402748181963

1802 Bnni the Vexing (level 9, 0/66 HPs)
             Began as a Formicid Hexslinger on Dec 22, 2022.
             Was a Priest of Okawaru.
             Slain by a kobold brigand
             ... wielding a +1 whip of distortion
              (11 damage)
             ... on level 6 of the Dungeon.
             The game lasted 00:15:03 (6685 turns).

Bnni the Vexing (Formicid Hexslinger)               Turns: 6685, Time: 00:15:03

Health: 0/66       AC:  2    Str: 15    XL:     9   Next: 30%
Magic:  5/15       EV: 12    Int: 17    God:    Okawaru [***...]
Gold:   416        SH:  0    Dex: 20    Spells: 5/16 levels left

rFire   . . .      SeeInvis +    j - +2 dagger (venom)
rCold   . . .      Faith    +    (no shield)
rNeg    . . .      Spirit   .    c - +0 robe
rPois   .          Reflect  .    (helmet unavailable)
rElec   .          Harm     .    (no cloak)
rCorr   .          Rampage  .    (no gloves)
Will    .....                    (no boots)
Stlth   ++........               v - amulet of faith
HPRegen 0.31/turn                A - ring "Inulehex" {Dex+6 SInv}
MPRegen 0.14/turn                (no ring)

@: no status effects
A: permanent stasis, dig shafts and tunnels, antennae 3, four strong arms
a: Dig, Shaft Self, Renounce Religion, Heroism


You were on level 6 of the Dungeon.
You worshipped Okawaru.
Okawaru was most pleased with you.
You visited 2 branches of the dungeon, and saw 7 of its levels.

You collected 416 gold pieces.

Inventory:

Hand Weapons
 a - a +1 sling
 j - a +2 dagger of venom (weapon)
Armour
 c - a +0 robe (worn)
Jewellery
 v - an amulet of faith (around neck)
 x - an amulet of reflection
 A - the ring "Inulehex" (left hand) {Dex+6 SInv}
   (You found it on level 5 of the Dungeon)

   [ring of dexterity]

   Dex:       It affects your dexterity (+6).
   SInv:      It lets you see invisible.
Wands
 r - a wand of iceblast (11)
 y - a wand of flame (27)
Scrolls
 b - 2 scrolls of poison
 d - 2 scrolls of fear {unknown}
 f - 2 scrolls of enchant armour {unknown}
 o - 2 scrolls of magic mapping {unknown}
 p - 2 scrolls of blinking {unknown}
 q - a scroll of fog {unknown}
 t - a scroll of immolation {unknown}
Potions
 e - 2 potions of brilliance {unknown}
 g - 3 potions of curing
 h - 5 potions of degeneration {unknown}
 i - a potion of magic {unknown}
 m - 2 potions of heal wounds
 u - 2 potions of attraction {unknown}
 w - a potion of might {unknown}
 z - a potion of lignification {unknown}
 B - a potion of flight {unknown}


   Skills:
 + Level 4.4 Fighting
 * Level 6.0 Ranged Weapons
 - Level 1.7 Dodging
 + Level 4.0 Spellcasting
 * Level 7.5 Hexes
 - Level 3.0 Translocations
 - Level 3.0 Fire Magic
 + Level 3.7 Invocations


You had 5 spell levels left.
You knew the following spells:

 Your Spells              Type           Power      Damage    Failure   Level
a - Slow                  Hex            100%       N/A       1%          1
b - Inner Flame           Hex/Fire       21%        N/A       5%          3
c - Portal Projectile     Hex/Tloc       42%        N/A       5%          3
d - Cause Fear            Hex            14%        N/A       7%          4

Your spell library contained the following spells:

 Spells                   Type           Power      Damage    Failure   Level
 Kindle Blastsparks       Fire/Tloc/Air  20%        2d11      21%         3
 Ignite Poison            Fire/Tmut/Pois 6%         N/A       30%         3
 Leda's Liquefaction      Hex/Erth       8%         N/A       32%         4
 Alistair's Intoxication  Tmut/Pois      2%         N/A       99%         5
 Borgnjor's Vile Clutch   Necr/Erth      1%         N/A       99%         5
 Freezing Cloud           Conj/Ice/Air   1%         6-21      99%         5
 Lee's Rapid Deconstruct  Erth           1%         3d4*      99%         5
 Eringya's Noxious Bog    Tmut/Pois      1%         N/A       100%        6
 Statue Form              Tmut/Erth      2%         N/A       100%        6


Dungeon Overview and Level Annotations

Branches:
Dungeon (6/15)             Temple (1/1) D:4

Altars:
Ashenzari
Cheibriados
Dithmenos
Fedhas
Gozag
Hepliaklqana
Kikubaaqudgha
Makhleb
Nemelex Xobeh
Okawaru
Qazlal
Ru
Sif Muna
Trog
Uskayaw
Vehumet
Wu Jian
Xom
Yredelemnul
Zin
The Shining One

Shops:
D:2 (


Innate Abilities, Weirdness & Mutations

You cannot be hasted, slowed, berserked, paralysed or teleported.
You can dig through walls and to a lower floor.
You have a pair of large antennae on your head. (SInv)
Your four strong arms can wield two-handed weapons with a shield.


Message History

The kobold brigand hits you with a +0 short sword.
You barely miss the kobold brigand.
The kobold brigand is heavily wounded.
You closely miss the kobold brigand.
The kobold brigand is severely wounded.
The kobold brigand zaps a wand.
The puff of flame hits you.
* * * LOW HITPOINT WARNING * * *
You hit the kobold brigand but do no damage.
The kobold brigand looks as sick as possible!
The kobold brigand is severely wounded.
You hit the kobold brigand but do no damage.
The kobold brigand looks as sick as possible!
The kobold brigand is severely wounded.
The kobold brigand hits you with a +0 short sword.
* * * LOW HITPOINT WARNING * * *
You barely miss the kobold brigand.
The kobold brigand is almost dead.
The kobold brigand hits you with a +0 short sword.
* * * LOW HITPOINT WARNING * * *
You closely miss the kobold brigand.
The kobold brigand is almost dead.
You kill the kobold brigand!
Okawaru accepts your kill.
Your Ranged Weapons skill increases to level 6!
Your Spellcasting skill increases to level 4!
Casting: Slow (safe; 1% risk of failure)
Confirm with . or Enter, or press ? or * to list all spells.
Aiming: Slow (safe; 1% risk of failure)
Press: ? - help, Shift-Dir - straight line, f - kobold brigand
Aim: a kobold brigand, wielding a +1 whip of distortion and quivering curare-tipped darts (chance to affect: 56%)
The kobold brigand resists with significant effort.
The kobold brigand barely misses you.
Casting: Slow (safe; 1% risk of failure)
Confirm with . or Enter, or press ? or * to list all spells.
Aiming: Slow (safe; 1% risk of failure)
Press: ? - help, Shift-Dir - straight line, f/p - kobold brigand
Aim: a kobold brigand, wielding a +1 whip of distortion and quivering curare-tipped darts (chance to affect: 56%)
The kobold brigand seems to slow down.
The kobold brigand hits you with a +1 whip of distortion!
You die...

#########.####..###..............
# #.................#.#.##.
#########.........).........#....
.......#.....###.##.#.##.####.###
#............# #..............# #
#..........#.# #..##KK'##.##### #
#..........#.# #K##K.K..##..# #
#..........#.# #K#K#KK.#.#..# #
#..........#.# #@#⌠.#.#.⌠#..#####
...........#.# #.#.#...#.#..+..##
...........+.###'##{....##..##.##
########...#......##$$(##...##.##
...# #...#.......#####....)(...
...# #...#..>.......'..########
...# #...#..........#### # ...#
#####..........### # ...#
######............# #


You could see 2 kobold brigands.

Vanquished Creatures
  A kobold demonologist (D:6)
  The ghost of xsansara the Changer, an amateur DrTm (D:6)
  Duvessa (D:4)
  An ice beast (D:6)
  A black bear (D:5)
  An ogre (D:6)
  3 kobold brigands (D:6)
  A necrophage (D:6)
  A scorpion (D:4)
  Dowan (D:4)
  An orc priest (D:6)
  2 hounds
  2 jellies (D:5)
  2 gnoll boudas
  Jessica (D:3)
  2 iguanas (D:3)
  Terence (D:3)
  3 orc wizards
  Ijyb (D:3)
  Robin (D:3)
  9 gnolls
  7 adders
  2 white imps
  13 orcs
  5 endoplasms
  5 giant cockroaches
  15 goblins
  13 hobgoblins
  5 jackals
  4 kobolds
  6 quokkas
  7 ball pythons
  3 bats
  3 frilled lizards
  5 rats
  A toadstool (D:1)
131 creatures vanquished.

Vanquished Creatures (others)
  A kobold brigand (D:6)
  3 toadstools (D:1)
4 creatures vanquished.

Grand Total: 135 creatures vanquished

Notes
Turn   | Place    | Note
-------+----------+-------------------------------------------
     0 | D:1      | Bnni the Formicid Hexslinger began the quest for the Orb.
     0 | D:1      | Reached XP level 1. HP: 15/15 MP: 2/2
   267 | D:1      | Reached XP level 2. HP: 21/21 MP: 3/3
   359 | D:1      | Reached skill level 4 in Hexes
   426 | D:1      | Reached XP level 3. HP: 26/26 MP: 5/5
   780 | D:2      | Learned a level 3 spell: Inner Flame
   973 | D:2      | Reached skill level 1 in Fire Magic
  1023 | D:2      | Found Riyr's Antique Weapon Shop.
  1151 | D:2      | Reached XP level 4. HP: 31/33 MP: 6/6
  1566 | D:3      | Noticed Terence
  1582 | D:3      | Killed Terence
  1806 | D:3      | Reached XP level 5. HP: 38/38 MP: 7/7
  1809 | D:3      | Noticed Robin
  1829 | D:3      | Killed Robin
  2119 | D:3      | Noticed Jessica
  2124 | D:3      | Killed Jessica
  2125 | D:3      | Reached XP level 6. HP: 44/44 MP: 7/9
  2371 | D:3      | Identified the +2 leather armour of the Big Bang {Will+
                  | Stlth+}
  2443 | D:3      | Noticed Ijyb
  2459 | D:3      | Killed Ijyb
  2460 | D:3      | Reached skill level 5 in Hexes
  2641 | D:3      | Found a bloodstained altar of Trog.
  2840 | D:3      | Found a burning altar of Makhleb.
  2842 | D:3      | Noticed an Executioner
  2998 | D:3      | Learned a level 4 spell: Cause Fear
  3036 | D:4      | Found a staircase to the Ecumenical Temple.
  3044 | Temple   | Entered the Ecumenical Temple
  3207 | Temple   | Became a worshipper of Warmaster Okawaru
  3291 | D:4      | Noticed Duvessa
  3486 | D:4      | Noticed Dowan
  3643 | D:4      | Killed Duvessa
  3644 | D:4      | Reached skill level 1 in Invocations
  3644 | D:4      | Reached XP level 7. HP: 33/51 MP: 3/10
  3646 | D:4      | Killed Dowan
  3887 | D:4      | Reached * piety under Okawaru
  4186 | D:4      | Noticed a +0 short sword
  4186 | D:4      | Noticed a +0 spear
  4186 | D:4      | Noticed a +0 spear
  4187 | D:4      | Noticed a +0 falchion
  4187 | D:4      | Noticed a +0 short sword
  4187 | D:4      | Noticed a +0 dagger
  4188 | D:4      | Noticed a +0 dagger
  4188 | D:4      | Noticed a +0 falchion
  4203 | D:4      | Found a hide-covered altar of Uskayaw.
  4616 | D:5      | Entered Level 5 of the Dungeon
  4827 | D:5      | Reached skill level 6 in Hexes
  5151 | D:5      | Identified the ring "Inulehex" {Dex+6 SInv}
  5208 | D:5      | Reached XP level 8. HP: 58/58 MP: 5/12
  5543 | D:6      | Identified the +5 chain mail "Qutoq" {rF- Will+ Int+4
                  | Dex+6}
  5556 | D:6      | Found a runed translucent gate.
  5558 | D:6      | Found a runed translucent gate.
  5558 | D:6      | Noticed a kobold demonologist
  5560 | D:6      | Found a runed translucent gate.
  5560 | D:6      | Noticed xsansara's ghost (amateur DrTm)
  5604 | D:6      | Learned a level 3 spell: Portal Projectile
  5671 | D:6      | Reached ** piety under Okawaru
  5672 | D:6      | Reached skill level 1 in Translocations
  5729 | D:6      | Reached skill level 5 in Ranged Weapons
  6614 | D:6      | Killed a kobold demonologist
  6614 | D:6      | Reached *** piety under Okawaru
  6615 | D:6      | Reached skill level 7 in Hexes
  6615 | D:6      | Reached XP level 9. HP: 54/65 MP: 7/14
  6672 | D:6      | Killed xsansara's ghost
  6685 | D:6      | Slain by a kobold brigand

Illustrated notes

Levels and vault maps discovered:
D:1:      ldierk_water_garden, layout_basic
D:2:      layout_loops_ring, serial_shops, nicolae_shop_stone
D:3:      layout_loops_corners, makhleb_altar_promises_db,
          mainiacjoe_overflow_chevrons, chequers_hall_statues_corner_a,
          kennysheep_big_empty_room, grunt_decor_cap, minivault_4,
          minmay_pentangle, uniq_terence, uniq_robin, uniq_ijyb, uniq_jessica
D:4:      layout_cave_pools, nicolae_uskayaw_en_pointe,
          minmay_temple_entry_offerings, kennysheep_flooded_box, uniq_duvessa
D:5:      layout_rooms, kennysheep_nub, minivault_5, dk_vineyard_3
D:6:      layout_basic, gammafunk_ghost_nasty_kobolds
Temple:   mainiacjoe_temple_bowtie_tessellation

Skill      XL: |  1  2  3  4  5  6  7  8  9 |
---------------+----------------------------+-----
Hexes          | 4 5 6 7 |  7.5
Fire Magic     | 1 2 3 |  3.0
Ranged Weapons | 3 4 5 6 |  6.0
Fighting       | 2 3 4 |  4.4
Spellcasting   | 2 3 4 |  4.0
Invocations    | 1 2 3 |  3.7
Translocations | 2 3 |  3.0
Dodging        | |  1.7

Action                   |  1- 3 |  4- 6 |  7- 9 || total
-------------------------+-------+-------+-------++-------
Melee: Dagger            |    10 |    64 |    78 ||   152
       Punch             |       |     1 |     1 ||     2
 Fire: Sling             |   115 |   166 |   205 ||   486
 Cast: Slow              |       |    12 |    19 ||    31
       Inner Flame       |       |     2 |    11 ||    13
       Portal Projectile |       |       |     2 ||     2
  Use: Potion            |       |     2 |     5 ||     7
       Scroll            |       |       |     5 ||     5
 Stab: Sleeping          |       |     1 |       ||     1
       Invisible         |       |       |     3 ||     3
Armor: Robe              |    11 |    17 |    16 ||    44
Dodge: Dodged            |    62 |    80 |   126 ||   268

Table legend: (Time is in decaauts)
 A = Elapsed time spent in this place.
 B = Non-inter-level travel time spent in this place.
 C = Inter-level travel time spent in this place.
 D = Time resting spent in this place.
 E = Time spent auto-exploring this place.
 F = Levels seen in this place.
 G = Mean time per level.
                   A        B        C        D        E       F      G
               +--------+--------+--------+--------+--------+-----+--------+
         Total |   6781 |   6547 |    234 |   1237 |   4040 |   7 |  968.7 |
       Dungeon |   6583 |   6382 |    201 |   1237 |   3894 |   6 | 1097.2 |
        Temple |    197 |    164 |     33 |      0 |    146 |   1 |  197.0 |
               +--------+--------+--------+--------+--------+-----+--------+

Top non-repeatable levels by time:
     D:3: 1789 daAuts
     D:4: 1359 daAuts
     D:6: 1154 daAuts
     D:1: 788 daAuts
     D:2: 774 daAuts
     D:5: 718 daAuts
  Temple: 197 daAuts
